 Dungeon Crawl Stone Soup version 0.31-a0-115-g4708a659fe (webtiles) character file.

Game seed: 9856636798035067504

7 frimble the Grasshopper (level 2, -1/19 HPs)
             Began as an Octopode Warper on May 30, 2023.
             Slain by a jackal (2 damage)
             ... on level 1 of the Dungeon.
             The game lasted 00:00:12 (87 turns).

frimble the Grasshopper (Octopode Warper)             Turns: 87, Time: 00:00:13

Health: -1/19      AC:  1    Str: 10    XL:     2   Next: 4%
Magic:  5/5        EV: 13    Int: 15    God:
Gold:   0          SH:  0    Dex: 11    Spells: 5/5 levels left

rFire   . . .        a - +0 short sword
rCold   . . .        (no shield)
rNeg    . . .        (helmet restricted)
rPois   +            (no amulet)
rElec   .            d - ring of poison resistance
rCorr   .            (no ring)
SInv    .            (no ring)
Will    .....        (no ring)
Stlth   ++           (no ring)
HPRegen 0.23/turn    (no ring)
MPRegen 0.09/turn    (no ring)
                     (no ring)

%: no passive effects
@: no status effects
A: almost no armour, amphibious, 8 rings, camouflage 1, gelatinous body 1,
(nimble swimmer 1), tentacles
a: no special abilities


You were on level 1 of the Dungeon.
You visited 1 branch of the dungeon, and saw 1 of its levels.

Inventory:

Hand Weapons
 a - a +0 short sword (weapon)
Missiles
 c - 7 boomerangs of dispersal (quivered)
Jewellery
 d - a ring of poison resistance (left tentacle)
Scrolls
 b - a scroll of blinking


   Skills:
 + Level 2.1 Fighting
 + Level 2.1 Short Blades
 + Level 1.2 Throwing
 + Level 2.4 Dodging
 + Level 2.0 Spellcasting
 + Level 3.1 Translocations


You had 5 spell levels left.
You didn't know any spells.
Your spell library contained the following spells:

 Spells                   Type           Power      Damage    Failure   Level
 Blink                    Tloc           20%        N/A       10%         2
 Lesser Beckoning         Tloc           20%        N/A       10%         2
 Teleport Other           Tloc           10%        N/A       19%         3
 Vhi's Electric Charge    Tloc/Air       12%        N/A       34%         3
 Manifold Assault         Tloc           10%        N/A       52%         4


Dungeon Overview and Level Annotations

Branches:
Dungeon (1/15)

Altars:


Innate Abilities, Weirdness & Mutations

You cannot wear most types of armour.
You are amphibious.
You can wear up to eight rings at the same time.
Your skin changes colour to match your surroundings (Stealth+).
Your rubbery body absorbs attacks. (AC +1, EV +1)
((You are camouflaged when in or above water. (Stealth+)))
You have tentacles for arms and can constrict up to eight enemies at once.


Message History

A jackal comes into view.
The ball python barely misses you. The ball python misses you.
You hit the jackal. Your grab misses the jackal.
The jackal is heavily wounded.
The jackal closely misses you. The ball python barely misses you. x2
You closely miss the jackal. Your grab misses the jackal.
The jackal is heavily wounded.
The jackal bites you. The ball python barely misses you.
The ball python grabs you. The ball python constricts you.
You barely miss the ball python. You grab the ball python.
You constrict the ball python. The jackal barely misses you.
The jackal bites you. The ball python bites you.
The ball python constricts you.
You are too injured to fight recklessly!
You are too injured to fight recklessly!
You are too injured to fight recklessly!
You are too injured to fight recklessly!
You are too injured to fight recklessly!
You are too injured to fight recklessly!
You are too injured to fight recklessly!
You are too injured to fight recklessly!
You hit the ball python.
You kill the ball python!
The jackal barely misses you. x3; The jackal misses you.
The jackal bites you but does no damage.
You hit the jackal. You grab the jackal.
The jackal is severely wounded.
You constrict the jackal, but do no damage.
The jackal bites you. x3
* * * LOW HITPOINT WARNING * * *
The jackal bites you.
* * * LOW HITPOINT WARNING * * *
You hit the jackal. You grab the jackal.
The jackal is severely wounded.
You constrict the jackal.
You constrict the jackal, but do no damage.
The jackal bites you.
* * * LOW HITPOINT WARNING * * *
The jackal bites you.
You die...

#.............
#.####........ #.#
#........ #.# #........
### #######.# #........
..!.#.....#.# #....>...
............####.†......
.......h......##>.......
......h@......##........
......hh......##........
.......................#
..[.......$.###...###...
..................# #.#.
............... .#
####.###.$..... ..
.#.....


You could see 4 jackals.

Vanquished Creatures
  2 ball pythons (D:1)
  2 hobgoblins (D:1)
  A quokka (D:1)
  A bat (D:1)
  A rat (D:1)
7 creatures vanquished.

Notes
Turn   | Place    | Note
-------+----------+-------------------------------------------
     0 | D:1      | frimble the Octopode Warper began the quest for the Orb.
     0 | D:1      | Reached XP level 1. HP: 14/14 MP: 3/3
    81 | D:1      | Reached XP level 2. HP: 19/19 MP: 5/5
    87 | D:1      | Slain by a jackal

Illustrated notes

Levels and vault maps discovered:
D:1:      nicolae_arrival_memento_mori, layout_rooms,
          nicolae_kite_square_tiling_tiny

Action                     || total
---------------------------++-------
  Melee: Short sword       ||    16
         Constrict         ||     6
         Tentacles         ||     2
   Stab: Sleeping          ||     3
 Armour: Skin              ||     4
  Dodge: Dodged            ||    15

Table legend: (Time is in decaauts)
 A = Elapsed time spent in this place.
 B = Non-inter-level travel time spent in this place.
 C = Inter-level travel time spent in this place.
 D = Time resting spent in this place.
 E = Time spent auto-exploring this place.
 F = Levels seen in this place.
 G = Mean time per level.
                   A        B        C        D        E       F      G
               +--------+--------+--------+--------+--------+-----+--------+
         Total |     85 |     85 |      0 |      0 |     47 |   1 |   85.0 |
       Dungeon |     85 |     85 |      0 |      0 |     47 |   1 |   85.0 |
               +--------+--------+--------+--------+--------+-----+--------+

Top non-repeatable levels by time:
     D:1: 85 daAuts
